Map: Ulrena

Players

Element

  • Race: Terran Terran
  • League: Gold

Grumm - Winner!

  • Race: Protoss Protoss
  • League: Gold

VOD

Have the link to the VOD?

Description

Time

  • Played on: Jan. 3, 2016, 3:38 a.m.
  • Length: 5:04
Show
View Real Time Build Order
Export as new Build Order

Element Terran 

Build Orders: Reaper Expand 

Get SALT Encoding   

  12  0:01  SCV  
  13  0:13  SCV  
  14  0:17  Supply Depot  
  14  0:25  SCV  
  15  0:39  SCV  
  16  0:43  Barracks  
  16  0:50  Refinery  
  16  0:52  SCV  
  17  1:04  SCV  
  18  1:16  SCV  
  19  1:33  Command Center  
  19  1:39  Orbital Command  
  19  1:50  Reaper  
  20  2:02  Supply Depot  
  20  2:05  SCV  
  21  2:17  SCV  
  22  2:25  Barracks  
  22  2:26  Barracks  
  22  2:29  SCV  
  24  2:35  Refinery  
  24  2:41  SCV  
  25  2:48  Factory  
  25  2:50  Orbital Command  
  23  2:55  Marine  
  24  3:03  SCV  
  25  3:14  Orbital Command, Barracks Reactor  
  25  3:15  Marine x2  
  25  3:17  SCV  
  28  3:31  SCV  
  28  3:33  Marine x2  
  31  3:45  SCV x2  
  33  3:51  Marine  
  33  3:53  Orbital Command, Marine, Starport  
  33  3:54  Marine  
  33  3:55  Barracks Tech Lab  
  36  4:00  SCV  
  27  4:14  Marine x3  
  27  4:15  Marine  
  27  4:16  SCV  
  25  4:19  SCV  
  18  4:37  SCV x2  
  18  4:49  SCV x2  
  18  4:52  Engineering Bay  
Show
View Real Time Build Order
Export as new Build Order

Grumm Protoss - Winner!

Build Orders: Oracle Opening 

Get SALT Encoding   

  12  0:01  Probe (Chrono Boost)  
  13  0:13  Pylon  
  13  0:21  Assimilator  
  13  0:24  Probe (Chrono Boost)  
  14  0:38  Gateway  
  14  0:41  Probe (Chrono Boost)  
  15  0:51  Pylon  
  15  0:54  Probe (Chrono Boost)  
  16  1:08  Probe (Chrono Boost)  
  17  1:12  Assimilator  
  17  1:21  Probe (Chrono Boost)  
  18  1:25  Cybernetics Core  
  18  1:32  Probe (Chrono Boost)  
  19  1:36  Zealot  
  21  1:42  Probe (Chrono Boost)  
  22  1:53  Probe (Chrono Boost)  
  23  2:02  Stargate  
  23  2:05  Pylon  
  23  2:12  Adept  
  25  2:17  Probe (Chrono Boost)  
  25  2:21  Warp Gate (Chrono Boost)  
  26  2:41  Gateway  
  26  2:49  Gateway  
  26  2:50  Pylon  
  26  3:00  Oracle  
  29  3:11  Stalker  
  31  3:50  Oracle  
  34  4:35  Stalker x2  
  34  4:36  Stalker  
  34  4:59  Zealot x3  
Tags
 
Add a new tag
Caveats
  • Supply blocks, unpowered buildings, or Contaminate may cause inaccurate times.
  • Supply counts are checked every 10 seconds.